 Dungeon Crawl Stone Soup version 0.30-a0-723-gc1506a1cf0 (webtiles) character file.

Game seed: 14924537180298996059

42 PriceMaster the Conjurer (level 3, -5/14 HPs)
             Began as a Felid Conjurer on Jan 28, 2023.
             Slain by an orc
             ... wielding a +0 flail
              (8 damage)
             ... on level 2 of the Dungeon.
             The game lasted 00:02:24 (1460 turns).

PriceMaster the Conjurer (Felid Conjurer)           Turns: 1460, Time: 00:02:25

Health: -5/14      AC:  1    Str:  3    XL:     3   Next: 35%
Magic:  0/7        EV: 17    Int: 19    God:
Gold:   51         SH:  0    Dex: 16    Spells: 3/6 levels left
                                        Lives:  0   Deaths: 0

rFire   . . .      SeeInvis +    (weapon unavailable)
rCold   . . .      Faith    .    (shield unavailable)
rNeg    . . .      Spirit   .    (body armour unavailable)
rPois   .          Reflect  .    (helmet unavailable)
rElec   .          Harm     .    (cloak unavailable)
rCorr   .          Rampage  .    (gloves unavailable)
Will    .....                    (boots unavailable)
Stlth   ++                       (no amulet)
HPRegen 0.22/turn                (no ring)
MPRegen 0.10/turn                (no ring)

@: quick
A: very small, claws 1, fangs 3, see invisible, speed 1, shaggy fur 1, stealthy
paws, no weapons or thrown items, no armour, multi-lived
a: no special abilities


You were on level 2 of the Dungeon.
You visited 1 branch of the dungeon, and saw 3 of its levels.

You collected 51 gold pieces.

Inventory:

Hand Weapons
 f - a +0 short sword
Armour
 e - a +0 ring mail
Jewellery
 g - a ring of protection from cold
Scrolls
 b - 3 scrolls of teleportation {unknown}
 i - 3 scrolls of fear {unknown}
 k - a scroll of enchant weapon {unknown}
Potions
 a - 2 potions of magic
 c - a potion of ambrosia {unknown}
 d - a potion of heal wounds {unknown}
 h - a potion of brilliance {unknown}
 j - 2 potions of attraction {unknown}


   Skills:
 + Level 2.7 Dodging
 + Level 3.4 Stealth
 + Level 2.3 Spellcasting
 + Level 4.3 Conjurations


You had 3 spell levels left.
You knew the following spells:

 Your Spells              Type           Power      Damage    Failure   Level
a - Magic Dart            Conj           72%        1d6       2%          1
b - Searing Ray           Conj           36%        2d5       4%          2

Your spell library contained the following spells:

 Spells                   Type           Power      Damage    Failure   Level
 Dazzling Flash           Conj/Hex       20%        N/A       21%         3
 Stone Arrow              Conj/Erth      20%        3d8       21%         3
 Fulminant Prism          Conj/Hex       5%         3d7       56%         4
 Iskenderun's Mystic Bla  Conj/Tloc      10%        2d4       56%         4
 Lehudib's Crystal Spear  Conj/Erth      5%         10d3      100%        8
 Animate Armour           Summ/Erth      Unusable   N/A       N/A         4

Dungeon Overview and Level Annotations

Branches:
Dungeon (3/15)

Altars:
Makhleb


Innate Abilities, Weirdness & Mutations

You have sharp claws.
You have razor-sharp teeth.
You have supernaturally acute eyesight. (SInv)
You cover ground quickly. (Speed+)
You are covered in fur. (AC +1)
Your paws help you pounce on unaware monsters.
You are incapable of wielding weapons or throwing items.
You cannot wear armour.
You gain extra lives every three experience levels.


Message History

Press: ? - help, Shift-Dir - straight line, p - orc The searing ray hits the orc.
The orc is heavily wounded. (Press . to maintain the ray.)
The orc misses you. x2
The searing ray hits the orc!
You kill the orc!
The searing ray hits the orc!
You kill the orc!
The orc closely misses you. The orc misses you.
You finish channelling your searing ray.
The orc completely misses you. The orc hits you with a +0 flail!
Ouch! That really hurt!
The orc wizard gestures at you while chanting.
You resist with some effort. The orc misses you. The orc barely misses you.
You climb upwards.
There is a stone staircase leading down here.
Casting: Searing Ray (safe; 4% risk of failure)
Confirm with . or Enter, or press ? or * to list all spells.
Aiming: Magic Dart (safe; 2% risk of failure)
Press: ? - help, Shift-Dir - straight line, f - orc
Aim: an orc, wielding a +0 flail and wearing a +0 chain mail (100% to hit)
The magic dart hits the orc but does no damage.
The orc misses you.
Casting: Magic Dart (safe; 2% risk of failure)
Confirm with . or Enter, or press ? or * to list all spells.
Aiming: Magic Dart (safe; 2% risk of failure)
Press: ? - help, Shift-Dir - straight line, f/p - orc
Aim: an orc, wielding a +0 flail and wearing a +0 chain mail (100% to hit)
The magic dart hits the orc but does no damage.
The orc barely misses you.
You scratch the orc but do no damage. The orc hits you with a +0 flail.
* * * LOW HITPOINT WARNING * * *
Okay, then.
The orc hits you with a +0 flail!
Ouch! That really hurt!
You die...

#.#..............#####.#
#.#..............'...#.#
#.#..............###.#.#
#.#..............# #.#.#
#####.#..............# #.#.#
......#.÷............# #.#.#
####.................# #.#.#
####......#####o########.#.#
.†........# #.@........#.#
.###......################.##
...#........................#
.#.#.########################
.#.#.# .#.#.# +#.#.#######
...........# ...........#


You could see an orc.

Vanquished Creatures
  An adder (D:2)
  2 orcs (D:3)
  5 endoplasms
  A giant cockroach (D:2)
  2 hobgoblins (D:1)
  4 jackals
  4 ball pythons
  A bat (D:1)
  A frilled lizard (D:1)
  3 goblins (D:1)
  3 kobolds
  2 rats (D:1)
29 creatures vanquished.

Notes
Turn   | Place    | Note
-------+----------+-------------------------------------------
     0 | D:1      | PriceMaster the Felid Conjurer began the quest for the Orb.
     0 | D:1      | Reached XP level 1. HP: 7/7 MP: 4/4
   488 | D:1      | Reached XP level 2. HP: 11/11 MP: 4/6
   591 | D:1      | Reached skill level 4 in Conjurations
   882 | D:2      | Found a burning altar of Makhleb.
  1160 | D:2      | Reached XP level 3. HP: 9/14 MP: 3/7
  1445 | D:2      | Learned a level 2 spell: Searing Ray
  1460 | D:2      | Slain by an orc

Illustrated notes

Levels and vault maps discovered:
D:1:      dpeg_arrival_pond, layout_loops_ring, minmay_ruptured
D:2:      layout_basic, basic_altar, hellmonk_ecumenical_altar_watching_god,
          uniq_terence
D:3:      layout_basic, grunt_temple_overflow_open, lemuel_doored_altar,
          uniq_natasha

Skill      XL: |  1  2 |
---------------+-------+-----
Conjurations   | 4 |  4.3
Stealth        | 3 |  3.4
Dodging        | |  2.7
Spellcasting   | |  2.3

Action                     || total
---------------------------++-------
  Melee: Unarmed           ||    23
         Bite              ||     5
   Cast: Magic Dart        ||    56
         Searing Ray       ||     1
   Stab: Sleeping          ||     1
 Armour: Skin              ||     2
  Dodge: Dodged            ||    29

Table legend: (Time is in decaauts)
 A = Elapsed time spent in this place.
 B = Non-inter-level travel time spent in this place.
 C = Inter-level travel time spent in this place.
 D = Time resting spent in this place.
 E = Time spent auto-exploring this place.
 F = Levels seen in this place.
 G = Mean time per level.
                   A        B        C        D        E       F      G
               +--------+--------+--------+--------+--------+-----+--------+
         Total |   1296 |   1262 |     34 |     19 |   1063 |   3 |  432.0 |
       Dungeon |   1296 |   1262 |     34 |     19 |   1063 |   3 |  432.0 |
               +--------+--------+--------+--------+--------+-----+--------+

Top non-repeatable levels by time:
     D:1: 740 daAuts
     D:2: 514 daAuts
     D:3: 40 daAuts
